 Dungeon Crawl Stone Soup version 0.29-a0-553-g81b289dbe5 (webtiles) character file.

Game seed: 4808488387407969605

8 thehairyJon the Bolt Thrower (level 2, -3/25 HPs)
             Began as a Minotaur Hunter on June 6, 2022.
             Slain by a worm (10 damage)
             ... on level 2 of the Dungeon.
             The game lasted 00:04:44 (652 turns).

thehairyJon the Bolt Thrower (Minotaur Hunter)       Turns: 652, Time: 00:04:45

Health: -3/25      AC:  3    Str: 15    XL:     2   Next: 0%
Magic:  1/1        EV: 12    Int:  6    God:
Gold:   7          SH:  0    Dex: 13    Spells: 1/1 levels left

rFire   . . .      SeeInvis .   a - +1 hand crossbow
rCold   . . .      Faith    .   (no shield)
rNeg    . . .      Spirit   .   b - +0 leather armour
rPois   .          Reflect  .   (helmet restricted)
rElec   .          Harm     .   (no cloak)
rCorr   .          Rampage  .   (no gloves)
Will    .....                   (no boots)
Stlth   +.........              (no amulet)
HPRegen 0.08/turn               (no ring)
MPRegen 0.07/turn               (no ring)

@: no status effects
A: horns 2, retaliatory headbutt
a: no special abilities


You were on level 2 of the Dungeon.
You visited 1 branch of the dungeon, and saw 2 of its levels.

You collected 7 gold pieces.

Inventory:

Hand Weapons
 a - a +1 hand crossbow (weapon)
Armour
 b - a +0 leather armour (worn)
Jewellery
 f - an amulet of the acrobat
Scrolls
 c - a scroll of immolation
 d - a scroll of enchant armour {unknown}
 e - a scroll of blinking {unknown}


   Skills:
 + Level 2.4 Fighting
 + Level 4.8 Crossbows
 + Level 2.3 Dodging
 + Level 0.7 Stealth


You had one spell level left.
You didn't know any spells.
Your spell library was empty.

Dungeon Overview and Level Annotations

Branches:
Dungeon (1/15)

Altars:


Innate Abilities, Weirdness & Mutations

You have a pair of horns on your head.
You reflexively headbutt those who attack you in melee.


Message History

The hobgoblin barely misses you. The kobold attacks as you move away!
The kobold barely misses you. The kobold attacks as you move away!
The kobold hits you with a +0 dagger.
You closely miss the kobold.
The kobold is moderately wounded.
The kobold hits you with a +0 dagger. The kobold hits you but does no damage.
You clumsily bash the kobold but do no damage.
The kobold is moderately wounded.
The kobold barely misses you.
You clumsily bash the kobold but do no damage.
Your headbutt misses the kobold.
The kobold is moderately wounded.
The kobold hits you but does no damage. The kobold hits you with a +0 dagger.
You clumsily bash the kobold but do no damage.
The kobold is moderately wounded.
The kobold closely misses you.
You closely miss the kobold.
The kobold is moderately wounded.
The kobold closely misses you. The kobold hits you but does no damage.
You clumsily bash the kobold but do no damage.
Your headbutt misses the kobold.
The kobold is moderately wounded.
The kobold barely misses you.
You clumsily bash the kobold but do no damage.
The kobold is moderately wounded.
The kobold closely misses you. The kobold hits you but does no damage.
You clumsily bash the kobold but do no damage.
The kobold closely misses you.
You closely miss the kobold. The kobold completely misses you.
The kobold hits you with a +0 dagger.
* * * LOW HITPOINT WARNING * * *
You clumsily bash the kobold but do no damage.
You headbutt the kobold.
You kill the kobold!
You clumsily bash the hobgoblin but do no damage.
You headbutt the hobgoblin.
You kill the hobgoblin!
You have reached level 2!
The worm bites you!
You die...

# ..< #. ... #. .. #.#
..# #.. ..#
#.###..#######..#
........@w.....$###...#
#.####.#####$.........#
#. #.#####....##. #.
#.# ....... #. #.#
......> #. #w# .......
#. #.#####..>.# ..
#....w.....#
######.#...#


You could see a worm.

Vanquished Creatures
  A giant cockroach (D:2)
  A goblin (D:2)
  A hobgoblin (D:2)
  2 jackals (D:2)
  A kobold (D:2)
  A rat (D:2)
7 creatures vanquished.

Notes
Turn   | Place    | Note
-------+----------+-------------------------------------------
     0 | D:1      | thehairyJon the Minotaur Hunter began the quest for the
                  | Orb.
     0 | D:1      | Reached XP level 1. HP: 18/18 MP: 0/0
   464 | D:1      | You fall into a shaft and drop 1 floor!
   652 | D:2      | Reached XP level 2. HP: 7/25 MP: 1/1
   652 | D:2      | Slain by a worm

Illustrated notes

Levels and vault maps discovered:
D:1:      saegor_arrival_simple_c, layout_loops_corners,
          dreamdust_ecumenical_altar_statues
D:2:      layout_loops_ring, uniq_sigmund, uniq_natasha, uniq_crazy_yiuf_cottage

Action                   || total
-------------------------++-------
Melee: Hand crossbow     ||    14
       Headbutt          ||     3
Armor: Leather armour    ||    16
Dodge: Dodged            ||    29

Table legend: (Time is in decaauts)
 A = Elapsed time spent in this place.
 B = Non-inter-level travel time spent in this place.
 C = Inter-level travel time spent in this place.
 D = Time resting spent in this place.
 E = Time spent auto-exploring this place.
 F = Levels seen in this place.
 G = Mean time per level.
                   A        B        C        D        E       F      G
               +--------+--------+--------+--------+--------+-----+--------+
         Total |    658 |    658 |      0 |    400 |      0 |   2 |  329.0 |
       Dungeon |    658 |    658 |      0 |    400 |      0 |   2 |  329.0 |
               +--------+--------+--------+--------+--------+-----+--------+

Top non-repeatable levels by time:
     D:1: 464 daAuts
     D:2: 194 daAuts
